[Event "FIDE WCCC G12 2018"]
[Site "Santiago de Compostela"]
[Date "2018.11.07"]
[Round "3"]
[White "Kovacsi, Sara Kata"]
[Black "Van Foreest, Machteld"]
[Result "0-1"]
[ECO "D70"]
[WhiteElo "1554"]
[BlackElo "2003"]
[Annotator "NA RC"]
[PlyCount "52"]
[EventDate "2018.11.04"]
[EventType "swiss"]
[EventCountry "ESP"]
[SourceTitle "playchess.com"]
[Source "ChessBase"]
[SourceQuality "1"]
[TimeControl "40/5400+30:1800+30"]

1. d4 Nf6 2. c4 g6 3. Nf3 Bg7 4. g3 O-O 5. Bg2 d6 6. O-O c5 7. d5 Nbd7 8. Nc3 Nb6 9. Nd2 e6 10. e4 {[%emt 0:01:40] E65: King's Indian: Fianchetto: 6...c5 7 0-0 without d5 by White} (10. a4 exd5 11. cxd5 Ne8 12. e4 h5 13. h3 a5 14. f4 Bd7 15. Nf3 Qc7 16. Kh2 Rb8 17. e5 h4 18. g4 g5 19. e6 fxe6 20. Nxg5 Bxc3 21. bxc3 Nxd5 22. Bxd5 exd5 23. Qxd5+ {1-0 (30) Yuffa,D (2502)-Suleymanyants,O (2268) Kolomna 2016}) 10... exd5 11. exd5 Bf5 $146 ({Predecessor:} 11... Ng4 12. h3 Ne5 13. Qb3 Re8 14. a3 Bf5 15. Be4 Bxh3 16. Re1 Qf6 17. Bg2 Bxg2 18. Kxg2 {0-1 (35) Vissers,V-Snuverink,L Hengelo 1997}) 12. Re1 Qd7 13. a4 Bd3 (13... Rfe8 $11) 14. Qb3 (14. Re3 $14 Bf5 15. a5) 14... Rfe8 15. Rxe8+ (15. Nce4 $15 Bxe4 16. Nxe4 Nxe4 17. Rxe4) 15... Rxe8 ({Weaker is} 15... Nxe8 16. a5 $16) 16. Qd1 Qf5 ({Günstiger ist} 16... Ng4 17. Bh3 h5) 17. Nb5 $2 (17. h3 $17 {was the crucial defense.}) 17... Ng4 (17... Be2 $142 18. Nxd6 Bxd1 19. Nxf5 gxf5) 18. Bf3 {[%emt 0:09:55] [#]} Re2 $4 (18... Ne5 $1 $19 19. Be4 (19. Nxd6 $2 Nxf3+ 20. Qxf3 Re1+ 21. Kg2 Qxf3+ 22. Kxf3 Bf8 $19) 19... Qd7 20. Bxd3 Nxd3) 19. Nxd6 Qh5 {[%emt 0:03:18] [#]} 20. h4 $4 {[%emt 0:02:26] [#]} (20. Nf1 $1 $18 {war der einzige Gewinnzug.} Bd4 21. Bxe2 (21. Qxd3 Rxf2 22. Bxg4 Qxg4 $11) 21... Nxf2 22. Bxh5 Nxd1+ 23. Kg2 gxh5 24. Bh6) 20... Bd4 $3 21. Bxe2 $2 (21. N2e4 $17 {war die entscheidende Verteidigung.} Rxf2 22. Nxf2 (22. Nf6+ $2 Kf8 $19) 22... Nxf2 23. Bxh5 Nxd1+ 24. Kg2 gxh5 25. Bh6) 21... Bxf2+ 22. Kh1 Bxg3 23. N6e4 Qxh4+ 24. Kg2 Qh2+ 25. Kf3 Ne5+ 26. Ke3 Bf4# {[%emt 0:00:06] Kd4} 0-1

[Event "FIDE WCCC G12 2018"]
[Site "Santiago de Compostela"]
[Date "2018.11.07"]
[Round "3"]
[White "Huseynova, Guluzar"]
[Black "Butenandt, Svenja"]
[Result "0-1"]
[ECO "A46"]
[WhiteElo "1551"]
[BlackElo "1775"]
[Annotator "NA RC"]
[PlyCount "116"]
[EventDate "2018.11.04"]
[EventType "swiss"]
[EventCountry "ESP"]
[SourceTitle "playchess.com"]
[Source "ChessBase"]
[SourceQuality "1"]
[TimeControl "40/5400+30:1800+30"]

1. d4 Nf6 2. Nf3 e6 3. Bf4 b6 4. e3 Bb7 5. Bd3 Be7 6. Nbd2 Nh5 7. Bg3 Nxg3 8. hxg3 g6 9. c3 c5 10. Qe2 O-O 11. Nh4 cxd4 12. exd4 d6 13. Qg4 Kg7 14. Qh3 Rh8 15. Nhf3 h5 16. O-O-O Nc6 17. Bc4 Qc8 18. g4 hxg4 19. Qxg4 e5 20. Qxc8 Raxc8 21. dxe5 Rxh1 22. Rxh1 Nxe5 23. Nxe5 dxe5 24. f3 Bg5 25. Be2 Rd8 26. Rd1 Bd5 27. Kc2 f5 28. Nc4 e4 29. b3 Bb7 30. Rxd8 Bxd8 31. Nd6 Bd5 32. c4 Bc6 33. Nc8 a6 34. c5 bxc5 35. Bxa6 exf3 36. gxf3 Bxf3 37. Nd6 Be7 38. Nc4 Be4+ 39. Kd1 g5 40. Nd2 Bc6 41. Bc8 Kg6 42. a4 Bd8 43. Nc4 Bd5 44. Ne5+ Kg7 45. Bxf5 Kf6 46. Nd7+ Kxf5 47. Nxc5 Be7 48. Nd3 Bxb3+ 49. Ke1 Bxa4 50. Kf2 Bc2 51. Ne1 Be4 52. Kg3 Bb4 53. Ng2 Bxg2 54. Kxg2 g4 55. Kg3 Bd6+ 56. Kg2 Kf4 57. Kf2 g3+ 58. Kg2 Kg4 0-1

[Event "FIDE WCCC G12 2018"]
[Site "Santiago de Compostela"]
[Date "2018.11.07"]
[Round "3"]
[White "Mamardashvili, Ana"]
[Black "Eswaran, Aksithi"]
[Result "1-0"]
[ECO "B20"]
[WhiteElo "1527"]
[BlackElo "1760"]
[Annotator "NA RC"]
[PlyCount "155"]
[EventDate "2018.11.04"]
[EventType "swiss"]
[EventCountry "ESP"]
[SourceTitle "playchess.com"]
[Source "ChessBase"]
[SourceQuality "1"]
[TimeControl "40/5400+30:1800+30"]

1. e4 c5 2. b3 d6 3. Bb2 Nf6 4. Bb5+ Bd7 5. Bxd7+ Nbxd7 6. d3 g6 7. f4 Bg7 8. Nd2 O-O 9. Rb1 b5 10. Nh3 Rc8 11. O-O Nb6 12. c4 bxc4 13. dxc4 Qd7 14. Nf2 Rb8 15. Qe2 a5 16. e5 Ne8 17. Nde4 Qc6 18. exd6 Nxd6 19. Nxd6 exd6 20. Bxg7 Kxg7 21. f5 Nd7 22. Ng4 h5 23. f6+ Kh7 24. Ne3 Rbe8 25. Qd2 Ne5 26. Nd5 Re6 27. h3 a4 28. Qc2 axb3 29. axb3 Rfe8 30. Nf4 Rxf6 31. Nxh5 Rxf1+ 32. Rxf1 Re6 33. Nf6+ Kg7 34. Nd5 Qc8 35. Qf2 Qb7 36. Qb2 Kg8 37. Nf6+ Kg7 38. Ng4 Kf8 39. Nxe5 Rxe5 40. Qd2 Qe7 41. Qc3 Qg5 42. Rd1 Re2 43. Qf3 Re3 44. Qa8+ Kg7 45. Qa1+ Kh7 46. Rf1 Qe7 47. Qb1 Kg7 48. Qa1+ Kh7 49. Qb1 Qb7 50. Qd1 Qd7 51. Qd5 Kg7 52. Qd1 Qe7 53. Qa1+ Kh7 54. Qd1 Qe6 55. Qb1 Kg8 56. Qd1 Rg3 57. Kh2 Qe5 58. Kh1 Qb2 59. Qd5 Qg7 60. Qxd6 Rxb3 61. Qxc5 Rc3 62. Qc7 Rc2 63. c5 f5 64. Qb8+ Kh7 65. Qb6 Rb2 66. Qd6 Rc2 67. c6 Qc3 68. Qe7+ Kg8 69. Rd1 Rc1 70. Qd8+ Kg7 71. Qc7+ Kg8 72. Rxc1 Qxc1+ 73. Kh2 f4 74. Qd8+ Kg7 75. c7 Qc3 76. Qe7+ Kg8 77. Qe6+ Kg7 78. c8=Q 1-0

[Event "FIDE WCCC G12 2018"]
[Site "Santiago de Compostela"]
[Date "2018.11.07"]
[Round "3"]
[White "Kaldarova, Ayaulym"]
[Black "Francisco Guecamburu, Candela Be"]
[Result "1-0"]
[ECO "B27"]
[WhiteElo "1526"]
[BlackElo "1725"]
[Annotator "NA RC"]
[PlyCount "95"]
[EventDate "2018.11.04"]
[EventType "swiss"]
[EventCountry "ESP"]
[SourceTitle "playchess.com"]
[Source "ChessBase"]
[SourceQuality "1"]
[TimeControl "40/5400+30:1800+30"]

1. e4 c5 2. Nf3 g6 3. d4 cxd4 4. Nxd4 Bg7 5. Nc3 Nc6 6. Nb3 Nf6 7. Be2 O-O 8. O-O a5 9. a4 d6 10. Re1 Be6 11. Bg5 Rc8 12. Bf1 Nb4 13. Qd2 Nd7 14. Rad1 b6 15. Bb5 f6 16. Bh4 Nc5 17. Nd4 Bd7 18. Nd5 Bxb5 19. axb5 Nxd5 20. Nc6 Qc7 21. exd5 Rce8 22. f4 Rf7 23. Bf2 Nd7 24. Re2 Bf8 25. Qc3 Qb7 26. Rde1 Nb8 27. Qe3 Nd7 28. Qg3 Kh8 29. Re6 Qc8 30. Qe3 Qc7 31. Qa3 Qc8 32. Bd4 Kg8 33. c4 Kh8 34. b4 axb4 35. Qxb4 Kg8 36. Ra1 Nc5 37. Bxc5 dxc5 38. Qe1 f5 39. Ra6 Kh8 40. Rxb6 Kg8 41. Rb8 Qxb8 42. Nxb8 Rxb8 43. Qa5 Bg7 44. Qa7 Bd4+ 45. Kf1 Rd8 46. b6 Rff8 47. b7 Kf7 48. Rxe7+ 1-0

[Event "FIDE WCCC G12 2018"]
[Site "Santiago de Compostela"]
[Date "2018.11.07"]
[Round "3"]
[White "Zduniewicz, Natalia"]
[Black "Savitha Shri B"]
[Result "0-1"]
[ECO "B00"]
[WhiteElo "1313"]
[BlackElo "1745"]
[Annotator "NA RC"]
[PlyCount "88"]
[EventDate "2018.11.04"]
[EventType "swiss"]
[EventCountry "ESP"]
[SourceTitle "playchess.com"]
[Source "ChessBase"]
[SourceQuality "1"]
[TimeControl "40/5400+30:1800+30"]

1. e4 b6 2. d4 Bb7 3. Nc3 e6 4. Bd3 d5 5. e5 c5 6. Nf3 Nc6 7. Be3 a6 8. b3 cxd4 9. Nxd4 Bb4 10. Qd2 Nxe5 11. a3 Nxd3+ 12. Qxd3 Bxc3+ 13. Qxc3 Nf6 14. f3 O-O 15. Ne2 Rc8 16. Qb2 e5 17. c3 Re8 18. h3 d4 19. cxd4 Nd5 20. Bd2 exd4 21. Qxd4 Qe7 22. Qf2 Nc3 23. Bxc3 Rxc3 24. Rd1 Re3 25. Rd2 a5 26. a4 Ba6 27. O-O Rxe2 28. Rxe2 Qxe2 29. Qxe2 Rxe2 30. Rd1 g6 31. Rd8+ Kg7 32. Rd6 Re6 33. Rd1 Re3 34. Rb1 Rc3 35. b4 Ra3 36. bxa5 bxa5 37. Rb6 Bc8 38. Kf2 Rxa4 39. g4 Ra2+ 40. Ke3 a4 41. Rb4 a3 42. Ra4 Ra1 43. Kf2 a2 44. Ke2 Rh1 0-1